 Dungeon Crawl Stone Soup version 0.21.0-3-g78d12a8 (webtiles) character file.

33191 MTVSty1e the Fencer (level 14, -4/116 HPs)
             Began as a Human Monk on Jan 11, 2018.
             Was a High Priest of the Shining One.
             Slain by an entropy weaver (7 damage)
             ... on level 4 of the Lair of Beasts.
             The game lasted 00:45:01 (20740 turns).

MTVSty1e the Fencer (Human Monk)                   Turns: 20740, Time: 00:45:02

Health: -4/116     AC:  4    Str: 24    XL:     14   Next: 6%
Magic:  13/19      EV: 11    Int: 17    God:    the Shining One [*****.]
Gold:   569        SH: 20    Dex: 21    Spells: 13/13 levels left

rFire    + . .     SeeInvis +   n - +4 falchion (elec)
rCold    x . .     Gourm    .   e - +0 shield
rNeg     + + .     Faith    .   j - +2 ring mail {rF+}
rPois    +         Spirit   .   K - +2 helmet {SInv}
rElec    .         Reflect  .   (no cloak)
rCorr    .         Harm     .   A - +0 pair of gloves of the Good {rC- Regen+ Str+2 Int+4}
MR       +....                  (no boots)
Stlth    +.........             (no amulet)
HPRegen  0.69/turn              C - ring of poison resistance
MPRegen  0.16/turn              a - +2 ring of strength

@: mighty, divine shield, corroded, glowing
A: thin skeletal structure 1, agile 2, wild magic 1
a: Divine Shield, Cleansing Flame, Summon Divine Warrior, Renounce Religion


You were on level 4 of the Lair of Beasts.
You worshipped the Shining One.
The Shining One was extremely pleased with you.
You were not hungry.

You visited 2 branches of the dungeon, and saw 18 of its levels.
You also visited: Labyrinth.

You collected 936 gold pieces.
You spent 367 gold pieces at shops.

Inventory:

Hand Weapons
 n - a +4 falchion of electrocution (weapon)
 r - the +9 short sword "Irizi" {pierce, rPois rC- Dex+4, unknown}
   (You found it on level 3 of the Lair of Beasts)

   It inflicts extra damage upon your enemies.
   It affects your dexterity (+4).
   It makes you vulnerable to cold.
   It protects you from poison.
 v - a +2 hand axe of flaming
 F - a +3 scimitar of holy wrath
Armour
 e - a +0 shield (worn)
 j - a +2 ring mail of fire resistance (worn)
 y - the +1 pair of gloves "Polaeh" {rN+ Str+4}
   (You found it on level 9 of the Dungeon)

   It affects your strength (+4).
   It protects you from negative energy.
 A - the +0 pair of gloves of the Good (worn) {rC- Regen+ Str+2 Int+4}
   (You found it on level 10 of the Dungeon)

   It affects your strength (+2).
   It affects your intelligence (+4).
   It makes you vulnerable to cold.
   It increases your rate of regeneration.
 K - a +2 helmet of see invisible (worn)
 O - a +4 plate armour of poison resistance
Jewellery
 a - a +2 ring of strength (right hand)
 f - an uncursed ring of see invisible
 h - an uncursed ring of ice
 p - a +5 ring of evasion
 s - an uncursed ring of fire
 C - a ring of poison resistance (left hand)
Wands
 g - a wand of acid (31)
 o - a wand of flame (113)
 t - a wand of scattershot (10)
 w - a wand of enslavement (17)
 B - a wand of paralysis (13)
 R - a wand of polymorph (9)
 T - a wand of digging (20)
Scrolls
 b - 12 scrolls of remove curse
 d - 10 scrolls of teleportation
 i - 2 scrolls of enchant armour
 k - 5 scrolls of amnesia
 x - a scroll of identify
 L - 2 scrolls of magic mapping
 N - 2 scrolls of enchant weapon
 P - 3 scrolls of fear
Potions
 l - 2 potions of cancellation
 m - 4 potions of curing
 q - a potion of lignification
 u - 2 potions of flight
 z - a potion of might
 D - a potion of mutation
 Q - a potion of resistance
Miscellaneous
 G - a box of beasts
 H - a phantom mirror
Comestibles
 c - 12 rations


   Skills:
 + Level 12.8 Fighting
 * Level 15.7 Long Blades
 + Level 5.5 Armour
 - Level 3.0 Dodging
 - Level 2.0 Stealth
 + Level 5.5 Shields
 + Level 7.4 Invocations


You had 13 spell levels left.
You didn't know any spells.

Dungeon Overview and Level Annotations

Branches:
Dungeon (14/15)            Temple (0/1) D:4            Lair (4/6) D:10
 Shoals (0/4) Lair:2        Snake (0/4) Lair:3          Orc (0/2) D:9
 Vaults: D:13-14

Altars:
Cheibriados
Dithmenos
Gozag
Nemelex Xobeh
Okawaru
Sif Muna
Trog
Vehumet
Wu Jian
Yredelemnul
Zin
The Shining One

Shops:
D:6 (   D:7 !   D:8 *   D:10 ?

Portals:
Trove: D:11 (give +5 demon blade)

Annotations:
D:6 2 transporters
D:7 Psyche
D:12 Azrael
Lair:3 exclusion: 2 oklob plants


Innate Abilities, Weirdness & Mutations

You have a somewhat thin skeletal structure. (Dex +2, Stealth)
You are very agile. (Dex +4)
Your spells are a little harder to cast, but a little more powerful.


Message History

You barely miss the entropy weaver.
The entropy weaver is severely wounded.
You block the entropy weaver's attack. x2
The entropy weaver barely misses you. The entropy weaver hits you!
* * * LOW HITPOINT WARNING * * *
You slash the entropy weaver!
The entropy weaver is severely wounded.
You block the entropy weaver's attack. The entropy weaver hits you!
* * * LOW HITPOINT WARNING * * *
The entropy weaver misses you. You block the entropy weaver's attack.
You feel better.
The entropy weaver hits you but does no damage.
You block the entropy weaver's attack. The entropy weaver hits you!
* * * LOW HITPOINT WARNING * * *
You block the entropy weaver's attack.
You closely miss the entropy weaver.
The entropy weaver is severely wounded.
The entropy weaver hits you but does no damage.
You block the entropy weaver's attack. The entropy weaver hits you!
You die...

############# ###
#.÷.....÷.§.####.#
#@#########.......
#a# #....... #.#
#.....## #÷#
#....## #.#
#.....## #.#
#......# #.#
#....... #.#
#.....## #....###


You could see an entropy weaver.

Vanquished Creatures
  A minotaur (Lab)
  2 hydras
  A centaur warrior (D:13)
  A two-headed ogre (D:11)
  Sonja (Lair:4)
  2 fire crabs (Lair:4)
  An unseen horror (D:10)
  2 ugly things (D:13)
  A cyclops (D:11)
  2 manticores (D:12)
  6 elephants
  2 merfolk sirens (Lair:2)
  Joseph (D:7)
  A black mamba (Lair:3)
  3 gargoyles
  5 spiny frogs
  2 centaur skeletons (D:11)
  8 komodo dragons (Lair:3)
  A polar bear (Lair:2)
  2 merfolk (Lair:2)
  3 trolls
  7 blink frogs (Lair:2)
  The ghost of tidbits the Gusty, an amateur GnAE (D:6)
  5 hippogriffs
  A slime creature (D:13)
  Sigmund (D:6)
  19 yaks
  Eustachio (D:6)
  3 wyverns
  4 basilisks
  4 fire elementals (D:13)
  Grum (D:10)
  Edmund (D:6)
  An acid dragon (D:12)
  6 water moccasins
  A hell hound (D:13)
  A porcupine (Lair:1)
  A swamp drake (D:9)
  5 ice beasts
  8 orc warriors
  2 sky beasts
  2 black bears
  A necrophage (D:6)
  3 phantoms
  2 wolves (D:10)
  9 ogres
  9 crocodiles
  3 centaurs (D:10)
  3 big kobolds
  Blork the orc (D:9)
  10 bullfrogs
  A water moccasin zombie (D:9)
  A wyvern skeleton (D:7)
  2 scorpions
  14 killer bees
  13 wights
  5 howler monkeys
  4 crimson imps
  A bullfrog zombie (D:6)
  A centaur zombie (D:7)
  A quasit (D:11)
  4 hounds
  A jelly (D:10)
  14 orc wizards
  8 orc priests
  2 bullfrog skeletons
  2 iguanas (D:9)
  10 worker ants
  A killer bee zombie (D:8)
  A hound skeleton (D:7)
  10 gnolls
  9 adders
  2 shadow imps (D:10)
  An ooze (D:7)
  3 worms
  4 dart slugs
  2 leopard geckos
  30 orcs
  5 bats
  5 giant cockroaches
  3 goblins (D:2)
  6 hobgoblins
  14 jackals
  7 quokkas
  8 frilled lizards
  A giant cockroach zombie (D:5)
  20 kobolds
  2 quokka skeletons
  7 rats
389 creatures vanquished.

Vanquished Creatures (others)
  A wizard (D:9)
  A centaur skeleton (D:12)
  A fungus (D:10)
  A plant (D:10)
4 creatures vanquished.

Grand Total: 393 creatures vanquished

Notes
Turn   | Place    | Note
-------+----------+-------------------------------------------
     0 | D:1      | MTVSty1e the Human Monk began the quest for the Orb.
     0 | D:1      | Reached XP level 1. HP: 18/18 MP: 1/1
   202 | D:1      | Reached XP level 2. HP: 17/24 MP: 2/2
   589 | D:1      | Reached XP level 3. HP: 29/29 MP: 3/3
  1103 | D:2      | Gained mutation: Your spells are a little harder to cast, but a little more powerful. [potion of mutation]
  1103 | D:2      | Gained mutation: You are agile. (Dex +2) [potion of mutation]
  1103 | D:2      | Gained mutation: You are very agile. (Dex +4) [potion of mutation]
  1103 | D:2      | Gained mutation: You have a somewhat thin skeletal structure. (Dex +2, Stealth) [potion of mutation]
  1113 | D:2      | Reached skill level 4 in Long Blades
  1366 | D:1      | Reached XP level 4. HP: 3/36 MP: 4/4
  2317 | D:2      | Reached XP level 5. HP: 34/42 MP: 5/5
  3064 | D:3      | Found an opulent altar of Gozag.
  3139 | D:3      | Found an ornate altar of the Wu Jian Council.
  3332 | D:3      | Reached skill level 5 in Long Blades
  3345 | D:3      | Found a glowing golden altar of the Shining One.
  3437 | D:3      | Became a worshipper of the Shining One
  3437 | D:3      | Reached * piety under the Shining One
  3437 | D:3      | Reached ** piety under the Shining One
  3450 | D:3      | Found a shadowy altar of Dithmenos.
  3656 | D:4      | Found a staircase to the Ecumenical Temple.
  3691 | D:4      | Found a snail-covered altar of Cheibriados.
  3787 | D:4      | Noticed an ogre
  3794 | D:4      | Killed an ogre
  3794 | D:4      | Reached skill level 1 in Invocations
  3794 | D:4      | Reached XP level 6. HP: 49/49 MP: 6/6
  3813 | D:4      | Found a sparkling altar of Nemelex Xobeh.
  3815 | D:4      | Found a basalt altar of Yredelemnul.
  4282 | D:4      | You fall through a shaft!
  4282 | D:5      | Entered Level 5 of the Dungeon
  4282 | D:5      | Noticed an ogre
  4287 | D:5      | Killed an ogre
  4287 | D:5      | Reached skill level 6 in Long Blades
  4287 | D:5      | Reached XP level 7. HP: 44/55 MP: 8/8
  4831 | D:5      | Reached skill level 5 in Fighting
  5583 | D:5      | Reached XP level 8. HP: 33/62 MP: 7/10
  5592 | D:5      | Reached skill level 7 in Long Blades
  6824 | D:6      | Noticed tidbits's ghost (amateur GnAE)
  6845 | D:6      | Killed tidbits's ghost
  6996 | D:6      | Noticed Edmund
  7018 | D:6      | Killed Edmund
  7018 | D:6      | Reached skill level 8 in Long Blades
  7143 | D:6      | Found a transporter.
  7144 | D:6      | Found Vokkug's Weapon Boutique.
  7159 | D:6      | Found a transporter.
  7266 | D:6      | Reached XP level 9. HP: 56/71 MP: 11/11
  7419 | D:6      | Noticed Eustachio
  7449 | D:6      | Killed Eustachio
  7449 | D:6      | Reached skill level 9 in Long Blades
  7574 | D:6      | Noticed Sigmund
  7586 | D:6      | Killed Sigmund
  8089 | D:6      | Reached skill level 10 in Long Blades
  8667 | D:7      | Found Teil's Distillery.
  8731 | D:7      | Noticed a hippogriff
  8748 | D:7      | Killed a hippogriff
  8816 | D:7      | Reached *** piety under the Shining One
  8832 | D:7      | Reached XP level 10. HP: 70/79 MP: 12/12
  9168 | D:7      | Reached skill level 11 in Long Blades
  9293 | D:7      | Noticed Joseph
  9325 | D:7      | Killed Joseph
  9631 | D:7      | Found a radiant altar of Vehumet.
 10095 | D:8      | Found an iron altar of Okawaru.
 10131 | D:8      | Found an iron altar of Okawaru.
 10315 | D:8      | Found Ownimp's Assorted Antiques.
 10665 | D:8      | Noticed Psyche
 10892 | D:6      | Bought a +3 falchion of electrocution for 367 gold pieces
 11298 | D:8      | Reached skill level 12 in Long Blades
 11672 | D:9      | Noticed Blork the orc
 11712 | D:9      | Reached **** piety under the Shining One
 11900 | D:9      | Found a bloodstained altar of Trog.
 11952 | D:9      | Found a deep blue altar of Sif Muna.
 11964 | D:9      | Killed Blork the orc
 12021 | D:9      | Reached XP level 11. HP: 58/89 MP: 13/13
 12432 | D:9      | Got a pair of slimy gloves
 12438 | D:9      | Identified the +1 pair of gloves "Polaeh" {rN+ Str+4} (You found it on level 9 of the Dungeon)
 12484 | D:9      | Found a staircase to the Orcish Mines.
 12752 | D:9      | Noticed a wizard
 12758 | D:9      | Killed a wizard
 12856 | D:10     | Entered Level 10 of the Dungeon
 12951 | D:10     | Reached skill level 13 in Long Blades
 13024 | D:10     | Found Noanaps's Magic Scroll Boutique.
 13027 | D:10     | Noticed an unseen horror
 13279 | D:10     | Killed an unseen horror
 13279 | D:10     | Reached skill level 10 in Fighting
 13337 | D:10     | Reached ***** piety under the Shining One
 13380 | D:10     | Found a staircase to the Lair.
 13760 | D:10     | Noticed Grum
 13769 | D:10     | Killed Grum
 13873 | D:10     | Reached skill level 14 in Long Blades
 14093 | D:10     | Got a pair of warped gloves
 14275 | D:11     | Found the +8 demon blade "Leech" {vamp, rN+ AC-3 EV-3}
 14307 | D:11     | You fall through a shaft for 3 floors!
 14493 | D:13     | Reached XP level 12. HP: 69/99 MP: 14/14
 14514 | D:13     | Found a labyrinth entrance.
 14538 | Lab      | Entered a labyrinth
 14539 | Lab      | Identified the +0 pair of gloves of the Good {rC- Regen+ Str+2 Int+4} (You found it on level 10 of the Dungeon)
 14654 | Lab      | Noticed a minotaur
 14664 | Lab      | Killed a minotaur
 14725 | D:13     | Noticed a centaur warrior
 14732 | D:13     | Killed a centaur warrior
 14803 | D:12     | Noticed Azrael
 14839 | D:13     | Reached skill level 1 in Shields
 14842 | D:13     | Reached skill level 1 in Armour
 15543 | D:12     | Found a glowing silver altar of Zin.
 15864 | D:11     | Noticed a two-headed ogre
 15872 | D:11     | Killed a two-headed ogre
 15872 | D:11     | Reached skill level 5 in Invocations
 16361 | D:11     | Found a portal to a secret trove of treasure.
 16766 | Lair:1   | Entered Level 1 of the Lair of Beasts
 17003 | Lair:1   | Reached skill level 15 in Long Blades
 17500 | Lair:2   | Noticed a seven-headed hydra
 17515 | Lair:2   | Killed a one-headed hydra
 17515 | Lair:2   | Reached XP level 13. HP: 67/107 MP: 14/17
 17872 | Lair:2   | Found a staircase to the Shoals.
 18740 | Lair:3   | Noticed an eight-headed hydra
 18751 | Lair:3   | Killed a one-headed hydra
 19037 | Lair:3   | Found a staircase to the Snake Pit.
 19168 | Lair:3   | Got a shimmering short sword
 19595 | Lair:4   | Reached skill level 5 in Armour
 19598 | Lair:4   | Reached skill level 5 in Shields
 19667 | Lair:4   | Noticed Sonja
 19702 | Lair:4   | Killed Sonja
 20174 | Lair:4   | Found a runed door.
 20279 | Lair:4   | Reached XP level 14. HP: 98/116 MP: 19/19
 20719 | Lair:4   | Noticed an entropy weaver
 20739 | Lair:4   | HP: 2/116 [entropy weaver (13)]
 20740 | Lair:4   | Slain by an entropy weaver

Skill      XL: |  1  2  3  4  5  6  7  8  9 10 11 12 13 |
---------------+----------------------------------------+-----
Long Blades    | 4 5 6 8 10 12 14 15 | 15.7
Fighting       | 4 5 6 7 9 10 11 12 | 12.8
Invocations    | 1 2 3 5 7 |  7.4
Shields        | 3 5 |  5.5
Armour         | 3 5 |  5.5
Dodging        | |  3.0
Stealth        | |  2.0

Action                   |  1- 3 |  4- 6 |  7- 9 | 10-12 | 13-15 || total
-------------------------+-------+-------+-------+-------+-------++-------
Melee: Falchion          |   136 |    89 |       |   570 |   315 ||  1110
       Long sword        |       |    52 |   324 |   149 |       ||   525
       Hand axe          |       |       |       |     7 |    10 ||    17
Invok: Divine Shield     |       |       |     4 |     7 |     3 ||    14
       Cleansing Flame   |       |       |       |     2 |     4 ||     6
Evoke: Wand              |       |       |       |     2 |       ||     2
  Use: Potion            |     5 |     3 |     4 |     5 |     6 ||    23
       Scroll            |     2 |     6 |     6 |    12 |     2 ||    28
 Stab: Sleeping          |     1 |     8 |       |       |       ||     9
  Eat: Chunk             |     1 |     3 |     1 |     1 |     2 ||     8
       Ration            |       |     2 |     4 |     9 |     2 ||    17
Armor: Robe              |    27 |       |       |       |       ||    27
       Leather armour    |     5 |     9 |       |       |       ||    14
       Ring mail         |       |    17 |       |    83 |     9 ||   109
       Chain mail        |       |     3 |    99 |     4 |       ||   106
       Plate armour      |       |       |       |    99 |   143 ||   242
       Skin              |       |       |       |       |     1 ||     1
Dodge: Dodged            |   110 |    87 |    92 |   246 |    68 ||   603
Block: Shield            |       |    28 |   136 |   268 |   196 ||   628
       Rpst.: Falchion   |    19 |    22 |       |    57 |    11 ||   109
       Long sword        |       |     6 |    30 |     9 |       ||    45
